 Dungeon Crawl Stone Soup version 0.22-a0-525-gf69a080 (webtiles) character file.

375 Amnesiac the Magician (level 6, -2/28 HPs)
             Began as a Spriggan Conjurer on June 20, 2018.
             Killed by nerve-wracking pain
             ... invoked by Menkaure
              (6 damage)
             ... on level 4 of the Dungeon.
             The game lasted 00:07:19 (2984 turns).

Amnesiac the Magician (Spriggan Conjurer)           Turns: 2984, Time: 00:07:20

Health: -2/28      AC:  2    Str:  4    XL:     6   Next: 44%
Magic:  2/14       EV: 18    Int: 19    God:
Gold:   201        SH:  0    Dex: 16    Spells: 10/15 levels left

rFire    . . .     SeeInvis +   f - +0 dagger
rCold    . . .     Gourm    .   (shield restricted)
rNeg     . . .     Faith    .   a - +0 robe
rPois    .         Spirit   .   (helmet restricted)
rElec    .         Reflect  .   (no cloak)
rCorr    .         Harm     .   (gloves unavailable)
MR       +....                  (boots unavailable)
Stlth    ++........             g - amulet of magic regeneration
HPRegen  0.09/turn              (no ring)
MPRegen  0.39/turn              (no ring)

@: very quick
A: very small, unfitting armour, see invisible, herbivore, speed 3, slow
metabolism 2
a: no special abilities


You were on level 4 of the Dungeon.
You were not hungry.

You visited 1 branch of the dungeon, and saw 4 of its levels.

You collected 201 gold pieces.

Inventory:

Hand Weapons
 f - a +0 dagger (weapon)
Armour
 a - a +0 robe (worn)
Jewellery
 g - an amulet of magic regeneration (around neck)
 l - an uncursed ring of protection from magic {unknown}
Scrolls
 b - a scroll of noise {!r, unknown}
 d - 6 scrolls of identify {!r}
 e - a scroll of immolation {!r, unknown}
 i - a scroll of fear {!r, unknown}
 k - a scroll of fog {!r, unknown}
 m - a scroll of random uselessness {!r, unknown}
 o - a scroll of teleportation {!r}
Potions
 h - a potion of flight {!q, unknown}
 j - a potion of heal wounds {!q}
 n - 2 potions of curing {!q, unknown}
Comestibles
 c - 4 rations


   Skills:
 - Level 3.0 Dodging
 - Level 3.0 Stealth
 + Level 5.3 Spellcasting
 * Level 5.1 Conjurations


You had 10 spell levels left.
You knew the following spells:

 Your Spells              Type           Power        Failure   Level  Hunger
a - Magic Dart            Conj           ###.         1%          1    None
d - Iskenderun's Mystic   Conj           ###.....     14%         4    ####...

Your spell library contained the following spells:

 Spells                   Type           Power        Failure   Level  Hunger
 Fulminant Prism          Conj/Hex       ##........   38%         4    ####...
 Dazzling Spray           Conj/Hex       ##....       13%         3    ##.....
 Force Lance              Conj/Tloc      ##......     38%         4    ####...
 Searing Ray              Conj           ###...       2%          2    None


Dungeon Overview and Level Annotations

Branches:
Dungeon (4/15)
 Temple: D:4-7

Altars:
Kikubaaqudgha
Okawaru

Annotations:
D:4 Menkaure


Innate Abilities, Weirdness & Mutations

You are very small and have problems with some larger weapons.
You are too small for most types of armour.
You have supernaturally acute eyesight. (SInv)
You are a herbivore.
You cover ground extremely quickly.
You need to consume almost no food.


Message History

Casting: Magic Dart (safe; 1% risk of failure)
Confirm with . or Enter, or press ? or * to list all spells.
Aiming: Magic Dart (safe; 1% risk of failure)
Press: ? - help, Shift-Dir - straight line, f/p - Menkaure
Aim: Menkaure (heavily damaged)
The magic dart hits Menkaure.
Menkaure is heavily damaged.
Casting: Magic Dart (safe; 1% risk of failure)
Confirm with . or Enter, or press ? or * to list all spells.
You don't have enough magic to cast that spell.
Menkaure gestures wildly while chanting.
Menkaure seems to speed up.
You start resting.
Menkaure is too close now for your liking.
Casting: Magic Dart (safe; 1% risk of failure)
Confirm with . or Enter, or press ? or * to list all spells.
Aiming: Magic Dart (safe; 1% risk of failure)
Press: ? - help, Shift-Dir - straight line, f/p - Menkaure
Aim: Menkaure (heavily damaged, fast)
The magic dart hits Menkaure.
Menkaure is heavily damaged.
Unknown command.
Casting: Magic Dart (safe; 1% risk of failure)
Confirm with . or Enter, or press ? or * to list all spells.
Aiming: Magic Dart (safe; 1% risk of failure)
Press: ? - help, Shift-Dir - straight line, f/p - Menkaure
Aim: Menkaure (heavily damaged, fast)
The magic dart hits Menkaure.
Menkaure is severely damaged.
Unknown command.
Casting: Magic Dart (safe; 1% risk of failure)
Confirm with . or Enter, or press ? or * to list all spells.
Aiming: Magic Dart (safe; 1% risk of failure)
Press: ? - help, Shift-Dir - straight line, f/p - Menkaure
Aim: Menkaure (severely damaged, fast)
The magic dart hits Menkaure.
Menkaure is almost destroyed.
Unknown command.
Casting: Magic Dart (safe; 1% risk of failure)
Confirm with . or Enter, or press ? or * to list all spells.
Aiming: Magic Dart (safe; 1% risk of failure)
Press: ? - help, Shift-Dir - straight line, f/p - Menkaure
Aim: Menkaure (almost destroyed, fast)
The magic dart hits Menkaure.
Menkaure is almost destroyed.
Menkaure closely misses you.
Unknown command.
Casting: Magic Dart (safe; 1% risk of failure)
Confirm with . or Enter, or press ? or * to list all spells.
Aiming: Magic Dart (safe; 1% risk of failure)
Press: ? - help, Shift-Dir - straight line, f/p - Menkaure
Aim: Menkaure (almost destroyed, fast)
The magic dart hits Menkaure.
Menkaure is almost destroyed.
Menkaure calls on the powers of darkness!
Your body is wracked with pain!
* * * LOW HITPOINT WARNING * * *
Unknown command.
Menkaure casts a spell at you. Pain shoots through your body!
* * * LOW HITPOINT WARNING * * *
Menkaure casts a spell at you. Pain shoots through your body!
You die...

### ### #.#######.#
#.........####
#.#..........#
#.#.#####M#### #.#.#
#.# #.#.# #.#
#.#.#####.#######
#.......@........
#.......##.##†##.....
..?(..###.##.##.#
..## ......
.........# .# .....
..M..#.## # ..##.
..##.#.## .# . #
.#..# ...# ##.##...#
#.##...#.#


You could see Menkaure.

Vanquished Creatures
  A bullfrog (D:3)
  An orc priest (D:3)
  A hound (D:4)
  3 orc wizards (D:3)
  7 adders
  An ooze (D:1)
  2 worms
  3 dart slugs
  7 orcs (D:3)
  11 bats
  4 giant cockroaches
  6 goblins
  8 hobgoblins
  9 jackals
  A quokka (D:2)
  2 ball pythons (D:3)
  2 frilled lizards (D:3)
  8 kobolds
  10 rats
87 creatures vanquished.

Notes
Turn   | Place    | Note
-------+----------+-------------------------------------------
     0 | D:1      | Amnesiac the Spriggan Conjurer began the quest for the Orb.
     0 | D:1      | Reached XP level 1. HP: 9/9 MP: 5/5
   313 | D:1      | Reached XP level 2. HP: 13/13 MP: 5/7
   814 | D:1      | Reached XP level 3. HP: 16/16 MP: 3/8
  1754 | D:2      | Reached XP level 4. HP: 21/21 MP: 3/10
  1979 | D:2      | Learned a level 4 spell: Iskenderun's Mystic Blast
  2187 | D:3      | Noticed a bullfrog
  2194 | D:3      | Killed a bullfrog
  2194 | D:3      | Reached XP level 5. HP: 24/24 MP: 6/12
  2478 | D:3      | HP: 1/24 [orc wizard/magic dart (12)]
  2483 | D:3      | Reached skill level 5 in Spellcasting
  2483 | D:3      | Reached XP level 6. HP: 22/28 MP: 0/14
  2611 | D:3      | Found an iron altar of Okawaru.
  2611 | D:3      | Found an ancient bone altar of Kikubaaqudgha.
  2661 | D:3      | Reached skill level 5 in Conjurations
  2876 | D:4      | Found an iron altar of Okawaru.
  2955 | D:4      | Noticed Menkaure
  2984 | D:4      | Killed from afar by Menkaure

Vault maps used:
D:1:      evilmike_arrival_plus
D:2:      cheibrodos_helix_gallery
D:3:      chequers_temple_overflow_statue_of_worship
D:4:      first_ration, okawaru_metal_pillars_1_2, uniq_menkaure

Skill      XL: |  1  2  3  4  5  6 |
---------------+-------------------+-----
Conjurations   | 3 4 5 |  5.1
Spellcasting   | 3 4 5 |  5.3
Dodging        | |  3.0
Stealth        | |  3.0

Action                   |  1- 3 |  4- 6 || total
-------------------------+-------+-------++-------
Melee: Unarmed           |     4 |       ||     4
       Dagger            |    16 |       ||    16
 Cast: Magic Dart        |   120 |   110 ||   230
       Iskenderun's Myst |       |    15 ||    15
  Use: Scroll            |     3 |       ||     3
       Potion            |       |     1 ||     1
  Eat: Ration            |       |     1 ||     1
Armor: Robe              |     5 |     2 ||     7
Dodge: Dodged            |    42 |    18 ||    60

Table legend:
 A = Spawn XP
 B = Non-spawn XP
 C = Spawn XP percentage of total XP
 D = Spawn monster count
 E = Non-spawn monster count
 F = Spawn count percentage of total count
 G = Total turns spent on level
                    A         B        C        D         E        F      G
               +---------+---------+-------+---------+---------+-------+---------
         Total |       0 |     537 |   0.0 |       0 |      87 |   0.0 |  2984
               +---------+---------+-------+---------+---------+-------+---------
           D:1 |       0 |      55 |   0.0 |       0 |      27 |   0.0 |  1291
           D:2 |       0 |      46 |   0.0 |       0 |      18 |   0.0 |   736
           D:3 |       0 |     380 |   0.0 |       0 |      39 |   0.0 |   836
           D:4 |       0 |      56 |   0.0 |       0 |       3 |   0.0 |   121
               +---------+---------+-------+---------+---------+-------+---------
